 Dungeon Crawl Stone Soup version 0.17-a0-1909-g0b14330 (webtiles) character file.

165 Grimwulf the Sneak (level 5, 0/38 HPs)
             Began as a Vampire Wanderer on Sept 25, 2015.
             Slain by a gnoll (2 damage)
             ... on level 3 of the Dungeon.
             The game lasted 00:07:42 (2703 turns).

Grimwulf the Sneak (Vampire Wanderer)               Turns: 2703, Time: 00:07:42

Health: 0/38       AC:  5    Str: 13    XL:     5   Next: 22%
Magic:  8/8        EV: 10    Int: 19    God:
Gold:   99         SH:  0    Dex: 13    Spells: 0 memorised, 8 levels left

rFire  . . .     SeeInvis +     a - +2 hand crossbow
rCold  + + .     Clarity  .     s - +0 leather armour (curse)
rNeg   + + +     SustAt   .     (no shield)
rPois  +         Gourm    .     (no helmet)
rElec  .         Spirit   .     (no cloak)
rCorr  .         Warding  .     (no gloves)
rMut   .         Stasis   .     (no boots)
MR     .....                    (no amulet)
Stlth  +++.......               (no ring)
                                u - ring of positive energy

@: brilliant, regenerating slowly, not resistant to hostile enchantments, fairly
stealthy
A: fangs 3, iridescent scales 1, see invisible, deformed body, unbreathing
a: Bat Form


You were on level 3 of the Dungeon.
You were near bloodless.

You visited 1 branch of the dungeon, and saw 3 of its levels.

You collected 99 gold pieces.

Inventory:

Hand weapons
 a - a +2 hand crossbow (weapon)
 j - a +0 dagger
Missiles
 b - 12 bolts (quivered)
Armour
 e - a +0 robe
 s - a cursed +0 leather armour (worn)
Jewellery
 u - a ring of positive energy (left hand)
Magical devices
 d - a wand of random effects (15)
Scrolls
 c - 2 scrolls of teleportation
 k - 2 scrolls of enchant weapon {unknown}
 l - a scroll of enchant armour {unknown}
 o - 3 scrolls of noise {unknown}
 p - 2 scrolls of random uselessness {unknown}
 q - 3 scrolls of identify {unknown}
 t - 3 scrolls of remove curse {unknown}
 w - a scroll of recharging {unknown}
Potions
 f - 6 potions of blood
 g - a potion of mutation
 h - a potion of brilliance
 i - a potion of lignification {unknown}
 m - a potion of curing {unknown}
 n - a potion of haste {unknown}
 r - a potion of degeneration {unknown}
 v - a potion of might {unknown}


   Skills:
 - Level 2.0 Fighting
 - Level 3.0 Crossbows
 - Level 1.0 Throwing
 + Level 5.0 Stealth
 + Level 2.4 Spellcasting
   Level 1.0 Translocations
   Level 2.0 Air Magic
 - Level 1.0 Evocations


You had 8 spell levels left.
You didn't know any spells.

Dungeon Overview and Level Annotations

Branches:
Dungeon (3/15)

Altars:
Xom


Innate Abilities, Weirdness & Mutations

You heal slowly.
You have razor-sharp teeth.
You have supernaturally acute eyesight.
You can survive without breathing.
You are partially covered in iridescent scales (AC +4).
Armour fits poorly on your strangely shaped body.


Message History

The gnoll hits you!
* * * LOW HITPOINT WARNING * * *
Drink which item? (? for menu, Esc to quit)
It was a potion of mutation.
You feel extremely strange.
Iridescent scales grow over part of your body.
Your body twists and deforms.
The gnoll barely misses you.
Drink which item? (? for menu, Esc to quit)
Okay, then.
Drink which item? (? for menu, Esc to quit)
It was a potion of brilliance.
You feel clever all of a sudden. The gnoll hits you.
You die...

...........#.###.#....#
##...
...#...............####
###. ...#....#.###.#.# ##
................# #
.#.....<.##...###
...#####..#.### ...
...##.....#### ##
######.######....## ###.
..(....wg@....##..#####...
######(######%###.........
#. #.###...#.##.# wg
#.#...###..#.# (..
#.#.#####....# #...
#...##........ #...
####.##...####### ....
.............#
############.....


You could see a worm and a gnoll.

Vanquished Creatures
  4 gnolls
  3 adders (D:2)
  An ooze (D:1)
  5 worms
  4 giant geckos
  6 bats
  5 giant cockroaches
  11 goblins
  10 hobgoblins
  9 jackals
  8 kobolds (D:1)
  5 giant newts
  5 rats
76 creatures vanquished.

Notes
Turn   | Place    | Note
--------------------------------------------------------------
     0 | D:1      | Grimwulf the Vampire Wanderer began the quest for the Orb.
     0 | D:1      | Grimwulf set off with: a +2 hand crossbow, 29 bolts, a scroll of teleportation, a wand of random effects (15), a +0 robe, a potion of blood, a !bad item (cl:100,ty:0,pl:0,pl2:0,sp:0,qu:0), a !bad item (cl:100,ty:0,pl:0,pl2:0,sp:0,qu:0), a !bad item (cl:100,ty:0,pl:0,pl2:0,sp:0,qu:0), a !bad item (cl:100,ty:0,pl:0,pl2:0,sp:0,qu:0), a !bad item (cl:100,ty:0,pl:0,pl2:0,sp:0,qu:0), a !bad item (cl:100,ty:0,pl:0,pl2:0,sp:0,qu:0), a !bad item (cl:100,ty:0,pl:0,pl2:0,sp:0,qu:0), a !bad item (cl:100,ty:0,pl:0,pl2:0,sp:0,qu:0), a !bad item (cl:100,ty:0,pl:0,pl2:0,sp:0,qu:0), a !bad item (cl:100,ty:0,pl:0,pl2:0,sp:0,qu:0), a !bad item (cl:100,ty:0,pl:0,pl2:0,sp:0,qu:0), a !bad item (cl:100,ty:0,pl:0,pl2:0,sp:0,qu:0), a !bad item (cl:100,ty:0,pl:0,pl2:0,sp:0,qu:0), a !bad item (cl:100,ty:0,pl:0,pl2:0,sp:0,qu:0), a !bad item (cl:100,ty:0,pl:0,pl2:0,sp:0,qu:0), a !bad item (cl:100,ty:0,pl:0,pl2:0,sp:0,qu:0), a !bad item (cl:100,ty:0,pl:0,pl2:0,sp:0,qu:0), a !bad item (cl:100,ty:0,pl:0,pl2:0,sp:0,qu:0), a !bad item (cl:100,ty:0,pl:0,pl2:0,sp:0,qu:0), a !bad item (cl:100,ty:0,pl:0,pl2:0,sp:0,qu:0), a !bad item (cl:100,ty:0,pl:0,pl2:0,sp:0,qu:0), a !bad item (cl:100,ty:0,pl:0,pl2:0,sp:0,qu:0), a !bad item (cl:100,ty:0,pl:0,pl2:0,sp:0,qu:0), a !bad item (cl:100,ty:0,pl:0,pl2:0,sp:0,qu:0), a !bad item (cl:100,ty:0,pl:0,pl2:0,sp:0,qu:0), a !bad item (cl:100,ty:0,pl:0,pl2:0,sp:0,qu:0), a !bad item (cl:100,ty:0,pl:0,pl2:0,sp:0,qu:0), a !bad item (cl:100,ty:0,pl:0,pl2:0,sp:0,qu:0), a !bad item (cl:100,ty:0,pl:0,pl2:0,sp:0,qu:0), a !bad item (cl:100,ty:0,pl:0,pl2:0,sp:0,qu:0), a !bad item (cl:100,ty:0,pl:0,pl2:0,sp:0,qu:0), a !bad item (cl:100,ty:0,pl:0,pl2:0,sp:0,qu:0), a !bad item (cl:100,ty:0,pl:0,pl2:0,sp:0,qu:0), a !bad item (cl:100,ty:0,pl:0,pl2:0,sp:0,qu:0), a !bad item (cl:100,ty:0,pl:0,pl2:0,sp:0,qu:0), a !bad item (cl:100,ty:0,pl:0,pl2:0,sp:0,qu:0), a !bad item (cl:100,ty:0,pl:0,pl2:0,sp:0,qu:0), a !bad item (cl:100,ty:0,pl:0,pl2:0,sp:0,qu:0), a !bad item (cl:100,ty:0,pl:0,pl2:0,sp:0,qu:0), a !bad item (cl:100,ty:0,pl:0,pl2:0,sp:0,qu:0), a !bad item (cl:100,ty:0,pl:0,pl2:0,sp:0,qu:0), a !bad item (cl:100,ty:0,pl:0,pl2:0,sp:0,qu:0), a !bad item (cl:100,ty:0,pl:0,pl2:0,sp:0,qu:0), a !bad item (cl:100,ty:0,pl:0,pl2:0,sp:0,qu:0), a !bad item (cl:100,ty:0,pl:0,pl2:0,sp:0,qu:0), a !bad item (cl:100,ty:0,pl:0,pl2:0,sp:0,qu:0)
     0 | D:1      | Reached XP level 1. HP: 16/16 MP: 1/1
    50 | D:1      | Reached XP level 2. HP: 11/22 MP: 2/2
   164 | D:1      | Reached skill level 1 in Stealth
   445 | D:1      | Reached skill level 3 in Crossbows
   536 | D:1      | Reached XP level 3. HP: 27/27 MP: 3/3
   880 | D:1      | Reached skill level 1 in Spellcasting
  1108 | D:2      | Reached XP level 4. HP: 33/33 MP: 6/6
  1123 | D:2      | Found a shimmering altar of Xom.
  1130 | D:2      | Found a shimmering altar of Xom.
  1130 | D:2      | Found a shimmering altar of Xom.
  1840 | D:1      | Reached skill level 4 in Stealth
  2471 | D:2      | You fall through a shaft!
  2692 | D:3      | Reached XP level 5. HP: 31/38 MP: 8/8
  2699 | D:3      | Reached skill level 5 in Stealth
  2701 | D:3      | HP: 1/38 [gnoll (7)]
  2702 | D:3      | Gained mutation: You are partially covered in iridescent scales (AC +4). [potion of mutation]
  2702 | D:3      | Gained mutation: Armour fits poorly on your strangely shaped body. [potion of mutation]
  2703 | D:3      | Slain by a gnoll

Vault maps used:
D:1:      minmay_arrival_open_corners, minivault_4
D:2:      xom_redecorated
D:3:      lemuel_castle_with_subvaults, gammafunk_temple_overflow_statue,
          minmay_surrounded

Action                   |  1- 3 |  4- 6 || total
-------------------------+-------+-------++-------
 Fire: Hand crossbow     |   102 |    84 ||   186
  Use: Potion            |       |     3 ||     3
